 Dungeon Crawl Stone Soup version 0.31-a0-236-g9a0961fb85 (webtiles) character file.

Game seed: 16521169280543885941

410 qw the Shooter (level 6, -4/52 HPs)
             Began as a Minotaur Hexslinger on July 10, 2023.
             Slain by Edmund
             ... wielding a +2 dire flail of protection
              (8 damage)
             ... on level 4 of the Dungeon.
             The game lasted 00:00:57 (2287 turns).

qw the Shooter (Minotaur Hexslinger)                Turns: 2287, Time: 00:00:58

Health: -4/52      AC:  4    Str: 13    XL:     6   Next: 58%
Magic:  6/6        EV: 12    Int: 10    God:
Gold:   174        SH:  0    Dex: 14    Spells: 6/7 levels left

rFire   . . .        Y - +2 sling (freeze)
rCold   . . .        (no shield)
rNeg    + . .        d - +2 robe {rN+}
rPois   .            (helmet restricted)
rElec   .            (no cloak)
rCorr   .            (no gloves)
SInv    .            (no boots)
Will    .....        (no amulet)
Stlth   +            (no ring)
HPRegen 0.28/turn    (no ring)
MPRegen 0.10/turn

%: no passive effects
@: no status effects
A: horns 2, retaliatory headbutt
a: no special abilities


You were on level 4 of the Dungeon.
You visited 1 branch of the dungeon, and saw 4 of its levels.

You collected 174 gold pieces.


Innate Abilities, Weirdness & Mutations

You have a pair of horns on your head.
You reflexively headbutt those who attack you in melee.


   Skills:
 - Level 4.0 Fighting
 + Level 6.9 Ranged Weapons
 - Level 2.1 Dodging
 - Level 1.0 Spellcasting
 - Level 2.0 Hexes


You had 6 spell levels left.
You knew the following spells:

 Your Spells              Type           Power      Damage    Failure   Level
a - Slow                  Hex            16%        N/A       16%         1

Your spell library contained the following spells:

 Spells                   Type           Power      Damage    Failure   Level
 Inner Flame              Hex/Fire       2%         N/A       56%         3
 Portal Projectile        Hex/Tloc       4%         N/A       56%         3
 Cause Fear               Hex            2%         N/A       83%         4

Inventory:

Hand Weapons
 Y - a +2 sling of freezing (weapon)
Armour
 d - a +2 robe of positive energy (worn)
Scrolls
 a - a scroll of identify
 c - a scroll of enchant armour
Potions
 b - a potion of enlightenment
 e - a potion of curing
 f - a potion of haste
 h - a potion of cancellation
 i - a potion of attraction {unknown}

Dungeon Overview and Level Annotations

Branches:
Dungeon (4/15)
 Temple: D:4-7

Altars:
Sif Muna
Uskayaw

Annotations:
D:2 1 runed translucent door, Crazy Yiuf
D:4 Edmund


Message History

Edmund hits you with a +2 dire flail of protection!
You shoot a sling bullet. The sling bullet barely misses Edmund.
Edmund barely misses you.
Edmund hits you with a +2 dire flail of protection!
You shoot a sling bullet.
The sling bullet hits Edmund but does no damage.
Edmund is lightly wounded.
Edmund hits you with a +2 dire flail of protection.
You shoot a sling bullet. The sling bullet barely misses Edmund.
Edmund hits you with a +2 dire flail of protection!
2280 ||| DRINKING potion of heal wounds.
You feel much better.
Edmund hits you with a +2 dire flail of protection.
You shoot a sling bullet.
The sling bullet hits Edmund but does no damage.
Edmund is lightly wounded.
Edmund misses you. You furiously retaliate!
You headbutt Edmund. You shoot a sling bullet.
The sling bullet barely misses Edmund.
Edmund hits you with a +2 dire flail of protection!
You shoot a sling bullet. The sling bullet hits Edmund!
The sling bullet freezes Edmund.
Edmund is moderately wounded.
Edmund hits you with a +2 dire flail of protection!
You shoot a sling bullet.
The sling bullet hits Edmund but does no damage.
Edmund is moderately wounded.
Edmund hits you with a +2 dire flail of protection!
You shoot a sling bullet. The sling bullet hits Edmund.
The sling bullet freezes Edmund.
Edmund is heavily wounded.
Edmund barely misses you.
You shoot a sling bullet.
The sling bullet hits Edmund but does no damage.
Edmund is heavily wounded.
Edmund barely misses you.
You shoot a sling bullet.
The sling bullet hits Edmund but does no damage.
Edmund is heavily wounded.
Edmund hits you with a +2 dire flail of protection!
You die...

.# .# .# .. .#
#########.#
........#.#
#.#@@.# #...###
###.###...#
+.._..'.#.#
#######.#.#
#.#.#########
#...#....##.#
.......#.#.##....#
###.####.#.#####.#


You could see Edmund.

Vanquished Creatures
  Sigmund (D:2)
  A scorpion (D:3)
  A hound (D:3)
  An orc priest (D:3)
  An orc wizard (D:3)
  2 adders
  2 worms
  5 dart slugs
  An orc (D:3)
  6 bats
  5 endoplasms
  2 giant cockroaches
  10 goblins
  4 hobgoblins
  3 quokkas
  5 ball pythons
  2 frilled lizards
  6 kobolds
  4 rats
62 creatures vanquished.

Vanquished Creatures (others)
  An orc wizard (D:3)
1 creature vanquished.

Grand Total: 63 creatures vanquished

Notes
Turn   | Place    | Note
-------+----------+-------------------------------------------
     0 | D:1      | qw the Minotaur Hexslinger began the quest for the Orb.
     0 | D:1      | Reached XP level 1. HP: 16/16 MP: 1/1
     0 | D:1      | 0 ||| qw: Version: 0.3-a-52-g30416fa
     0 | D:1      | 0 ||| qw: Game counter: 4835
     0 | D:1      | 0 ||| qw: Melee chars always use a shield: true
     0 | D:1      | 0 ||| qw: God list: Okawaru
     0 | D:1      | 0 ||| qw: Allow faded altars: false
     0 | D:1      | 0 ||| qw: Do Orc after clearing Dungeon:15 true
     0 | D:1      | 0 ||| qw: Do second Lair branch before Depths: true
     0 | D:1      | 0 ||| qw: Lair rune preference: random
     0 | D:1      | 0 ||| qw: Goals: Normal
     0 | D:1      | 0 ||| PLANNING D:1-11
    88 | D:1      | Reached skill level 3 in Ranged Weapons
   108 | D:1      | Reached XP level 2. HP: 20/23 MP: 2/2
   214 | D:1      | 214 ||| FLEEEEING.
   215 | D:1      | 215 ||| FLEEEEING.
   614 | D:1      | Reached XP level 3. HP: 29/29 MP: 3/3
   753 | D:1      | 753 ||| READING 2 scrolls labelled SYBBEKEUMU.
   754 | D:1      | 754 ||| READING scroll labelled HUETHI LOLY.
   755 | D:1      | 755 ||| READING scroll labelled UTUAQI HEBBO.
   756 | D:1      | 756 ||| READING scroll labelled SUDU VONOEGEY.
   757 | D:1      | 757 ||| DROPPING scroll of blinking.
   758 | D:1      | 758 ||| DROPPING scroll of poison.
   925 | D:2      | Noticed Sigmund
   937 | D:2      | Killed Sigmund
   938 | D:2      | Reached skill level 6 in Ranged Weapons
   938 | D:2      | Reached XP level 4. HP: 31/36 MP: 4/4
   938 | D:2      | Reached XP level 5. HP: 35/41 MP: 5/5
  1222 | D:2      | Found a runed translucent door.
  1223 | D:2      | Noticed Crazy Yiuf
  1402 | D:2      | 1402 ||| UPGRADING to +2 robe of positive energy.
  1412 | D:2      | 1412 ||| DROPPING +0 robe.
  1413 | D:2      | 1413 ||| READING 4 scrolls labelled ENUSHO NOSA.
  1414 | D:2      | 1414 ||| READING scroll labelled WUSEIXTEOR.
  1415 | D:2      | 1415 ||| DRINKING 2 bubbling puce potions.
  1416 | D:2      | 1416 ||| READING 3 scrolls of identify.
  1416 | D:2      | 1416 ||| IDENTIFYING brown potion
  1417 | D:2      | 1417 ||| READING 2 scrolls of identify.
  1417 | D:2      | 1417 ||| IDENTIFYING sedimented inky potion
  1418 | D:2      | 1418 ||| DROPPING potion of brilliance.
  1474 | D:3      | 1474 ||| Stepping ~*~*~tactically~*~*~ (outnumbered).
  1477 | D:3      | Reached skill level 3 in Fighting
  1482 | D:3      | Reached XP level 6. HP: 27/52 MP: 6/6
  1490 | D:3      | 1490 ||| FLEEEEING.
  1491 | D:3      | 1491 ||| FLEEEEING.
  1492 | D:3      | 1492 ||| FLEEEEING.
  1493 | D:3      | 1493 ||| FLEEEEING.
  1494 | D:3      | 1494 ||| FLEEEEING.
  1495 | D:3      | 1495 ||| FLEEEEING.
  1496 | D:3      | 1496 ||| STAIRDANCE
  1840 | D:3      | Found a hide-covered altar of Uskayaw.
  2201 | D:3      | 2201 ||| READING scroll labelled VILLOKLIOM.
  2202 | D:3      | 2202 ||| READING scroll labelled HICIVIGGIJ.
  2203 | D:3      | 2203 ||| DRINKING 2 metallic amethyst potions.
  2204 | D:3      | 2204 ||| READING 4 scrolls of identify.
  2204 | D:3      | 2204 ||| IDENTIFYING orange potion
  2205 | D:3      | 2205 ||| READING 3 scrolls of identify.
  2205 | D:3      | 2205 ||| IDENTIFYING metallic ruby potion
  2206 | D:3      | 2206 ||| READING 2 scrolls of identify.
  2206 | D:3      | 2206 ||| IDENTIFYING grey potion
  2207 | D:3      | 2207 ||| DROPPING potion of magic.
  2265 | D:4      | Found a shimmering blue altar of Sif Muna.
  2268 | D:4      | Noticed Edmund
  2279 | D:4      | HP: 13/52 [Edmund/+2 dire flail of protection (12)]
  2280 | D:4      | 2280 ||| DRINKING potion of heal wounds.
  2284 | D:4      | HP: 3/52 [Edmund/+2 dire flail of protection (10)]
  2287 | D:4      | Slain by Edmund

Levels and vault maps discovered:
D:1:      dpeg_arrival_three_same_balls, layout_basic
D:2:      layout_rooms, uniq_crazy_yiuf_cottage, uniq_sigmund
D:3:      layout_basic, eat_drink_and_be_merry_uskayaw, serial_glass,
          glass_columns_c, glass_columns_b
D:4:      layout_basic, lemuel_doored_altar, uniq_blork_the_orc, uniq_edmund

Skill      XL: |  1  2  3  4  5  6 |
---------------+-------------------+-----
Ranged Weapons | 3 6 |  6.9
Fighting       | 2 3 4 |  4.0
Dodging        | |  2.1
Spellcasting   | |  1.0
Hexes          | |  2.0

Action                     |  1- 3 |  4- 6 || total
---------------------------+-------+-------++-------
   Fire: Sling             |    92 |   111 ||   203
    Use: Scroll            |     4 |     9 ||    13
         Potion            |       |     3 ||     3
 Armour: Robe              |     8 |    10 ||    18
  Dodge: Dodged            |    31 |    17 ||    48

Table legend:
 A = Non-vault XP
 B = Vault XP
 C = Vault XP percentage of total XP
 D = Non-vault monster count
 E = Vault monster count
 F = Vault count percentage of total count
                 A         B        C        D         E       F
            +---------+---------+-------+---------+---------+-------
      Total |     361 |     226 |  38.5 |      62 |       1 |   1.6
            +---------+---------+-------+---------+---------+-------
        D:1 |      46 |       0 |   0.0 |      24 |       0 |   0.0
        D:2 |      41 |     226 |  84.6 |      15 |       1 |   6.2
        D:3 |     274 |       0 |   0.0 |      23 |       0 |   0.0
            +---------+---------+-------+---------+---------+-------
